 Dungeon Crawl Stone Soup version 0.31-a0-18-gea43df2a32 (webtiles) character file.

Game seed: 15812185664014350266

114 subawu the Ruffian (level 4, 0/35 HPs)
             Began as a Draconian Transmuter on May 9, 2023.
             Frozen to death by an endoplasm (3 damage)
             ... on level 4 of the Dungeon.
             The game lasted 00:12:15 (2105 turns).

subawu the Ruffian (Draconian Transmuter)           Turns: 2105, Time: 00:12:15

Health: 0/35       AC:  6    Str: 20    XL:     4   Next: 66%
Magic:  3/7        EV: 10    Int: 14    God:
Gold:   83         SH:  7    Dex: 11    Spells: 4/7 levels left

rFire   . . .        q - +2 spear (venom)
rCold   . . .        n - +0 kite shield
rNeg    . . .        (body armour unavailable)
rPois   .            (helmet restricted)
rElec   .            (no cloak)
rCorr   .            (no gloves)
SInv    .            s - +0 pair of boots
Will    .....        (no amulet)
Stlth   +            r - +6 ring of strength
HPRegen 0.25/turn    (no ring)
MPRegen 0.10/turn

%: no passive effects
@: wereblooded, slowed, very slow
A: AC +5, unfitting armour, cold-blooded
a: no special abilities


You were on level 4 of the Dungeon.
You visited 1 branch of the dungeon, and saw 5 of its levels.

You collected 83 gold pieces.

Inventory:

Hand Weapons
 c - a +0 dagger
 d - a +0 whip
 e - a +0 rapier
 j - a +0 short sword
 l - a +0 war axe
 p - a +0 sling
 q - a +2 spear of venom (weapon)
Missiles
 k - 6 stones
 o - a throwing net
Armour
 n - a +0 kite shield (worn)
 s - a +0 pair of boots (worn)
Jewellery
 r - a +6 ring of strength (left hand)
Potions
 a - 3 potions of lignification
 b - a potion of heal wounds {unknown}
 f - a potion of resistance {unknown}
 g - 2 potions of brilliance {unknown}
 h - a potion of attraction {unknown}
 i - 2 potions of invisibility {unknown}
 m - a potion of curing {unknown}


   Skills:
 + Level 1.4 Fighting
 + Level 0.3 Short Blades
 + Level 1.6(1.7) Axes
 + Level 0.5(1.2) Maces & Flails
 + Level 0.1(0.9) Polearms
 + Level 2.3 Dodging
 + Level 0.4 Stealth
 + Level 0.8 Shields
 + Level 3.6 Unarmed Combat
 + Level 2.4 Spellcasting
 + Level 2.3 Transmutations


You had 4 spell levels left.
You knew the following spells:

 Your Spells              Type           Power      Damage    Failure   Level
a - Beastly Appendage     Tmut           16%        N/A       24%         1
b - Wereblood             Tmut           8%         N/A       34%         2

Your spell library contained the following spells:

 Spells                   Type           Power      Damage    Failure   Level
 Spider Form              Tmut/Pois      4%         N/A       75%         3
 Ice Form                 Ice/Tmut       4%         N/A       98%         4


Dungeon Overview and Level Annotations

Branches:
Dungeon (5/15)
 Temple: D:4-7

Altars:
Ashenzari
Gozag

Portals:
Sewer: D:4


Innate Abilities, Weirdness & Mutations

Your plain brown scales are hard. (AC +5)
You cannot fit into any form of body armour.
You are cold-blooded and may be slowed by cold attacks.


Message History

You are frozen.
You feel as though you will be slow longer.
The river rat bites you.
The giant cockroach splashes around in the water.
Cast which spell? (? or * to list)
Your blood is infused with primal strength.
You block the rat's attack.
The giant cockroach splashes around in the water.
You block the endoplasm's attack. The river rat barely misses you.
Casting: Wereblood (dangerous; 34% risk of failure)
Confirm with . or Enter, or press ? or * to list all spells.
You don't know that spell.
There's something in the way.
There's something in the way.
Casting: Wereblood (dangerous; 34% risk of failure)
Confirm with . or Enter, or press ? or * to list all spells.
Your blood is freshly infused with primal strength!
The giant cockroach bites you but does no damage.
The rat bites you.
* * * LOW HITPOINT WARNING * * *
The river rat bites you!
* * * LOW HITPOINT WARNING * * *
You block the endoplasm's attack.
The giant cockroach bites you but does no damage.
The rat barely misses you. You block the river rat's attack.
The endoplasm hits you.
* * * LOW HITPOINT WARNING * * *
You barely miss the river rat. You tail-slap the river rat.
The river rat is lightly wounded.
The giant cockroach barely misses you. The rat barely misses you.
You block the endoplasm's attack.
The river rat bites you but does no damage.
The giant cockroach completely misses you.
You block the rat's attack.
You closely miss the river rat.
The river rat is lightly wounded.
You block the giant cockroach's attack. You block the river rat's attack.
The endoplasm freezes you.
You are frozen.
You die...

#_....####...##....
###..###..........#
#....###..........
###..###.......###
#.....##.......#
###..###.#.....#
#.....####.####
#._..## #J.# ######
#@r# #Br...#
#~~~..... #~~~~.###
#~~~~.# #∩~~~.#
#######


You could see a river rat, an endoplasm, a giant cockroach and a rat.

Vanquished Creatures
  Terence (D:3)
  2 worms (D:2)
  5 dart slugs
  3 bats
  7 endoplasms
  2 giant cockroaches
  3 goblins (D:1)
  3 hobgoblins (D:2)
  11 jackals (D:2)
  2 quokkas (D:1)
  8 ball pythons
  4 frilled lizards
  10 kobolds
  6 rats
67 creatures vanquished.

Notes
Turn   | Place    | Note
-------+----------+-------------------------------------------
     0 | D:1      | subawu the Draconian Transmuter began the quest for the
                  | Orb.
     0 | D:1      | Reached XP level 1. HP: 16/16 MP: 3/3
   280 | D:1      | Reached XP level 2. HP: 19/23 MP: 5/5
   518 | D:1      | Reached XP level 3. HP: 27/28 MP: 4/6
  1239 | D:2      | Reached XP level 4. HP: 35/35 MP: 7/7
  1684 | D:2      | Reached skill level 1 in Axes
  1710 | D:2      | Learned a level 2 spell: Wereblood
  1841 | D:3      | Noticed Terence
  1852 | D:3      | Killed Terence
  1977 | D:3      | Found a faded altar of an unknown god.
  2031 | D:3      | You fall into a shaft and drop 2 floors!
  2031 | D:5      | Entered Level 5 of the Dungeon
  2044 | D:4      | Found an opulent altar of Gozag.
  2047 | D:4      | Found a broken altar of Ashenzari.
  2094 | D:4      | Found a glowing drain.
  2105 | D:4      | Frozen to death by an endoplasm

Illustrated notes

Levels and vault maps discovered:
D:1:      elethiomel_arrival_quiet, layout_basic, minmay_tripent
D:2:      layout_loops_ring, nicolae_figureground_pulse
D:3:      layout_loops_ring, nicolae_uskayaw_murder_on_the_dancefloor,
          basic_ecumenical_altar, uniq_terence
D:4:      layout_rooms, marbit_many_paths, nicolae_qazlal_scattered_showers,
          minitemple, portal_sewer_entry_b, serial_park_tiny_pond,
          minmay_fractal_squares_5
D:5:      layout_loops_ring, grunt_nemelex_the_gamble,
          minmay_temple_entry_offerings, serial_shops,
          nicolae_shop_rolling_square

Skill      XL: |  1  2  3  4 |
---------------+-------------+-----
Dodging        | 2 |  2.3
Axes           | 1 |  1.6
Fighting       | |  1.4
Short Blades   | |  0.3
Maces & Flails | |  0.5
Polearms       | |  0.1
Stealth        | |  0.4
Shields        | |  0.8
Unarmed Combat | |  3.6
Spellcasting   | |  2.4
Transmutations | |  2.3

Action                     |  1- 3 |  4- 6 || total
---------------------------+-------+-------++-------
  Melee: Unarmed           |     9 |       ||     9
         Whip              |    23 |       ||    23
         Kick              |     9 |       ||     9
         Tailslap          |    11 |     8 ||    19
         Headbutt          |     3 |       ||     3
         Rapier            |    12 |       ||    12
         War axe           |    63 |    42 ||   105
         Punch             |     2 |       ||     2
         Spear             |       |    15 ||    15
   Cast: Beastly Appendage |    12 |       ||    12
         Wereblood         |       |     2 ||     2
 Armour: Skin              |    71 |    41 ||   112
  Dodge: Dodged            |    81 |    53 ||   134
  Block: Kite shield       |    28 |    42 ||    70

Table legend: (Time is in decaauts)
 A = Elapsed time spent in this place.
 B = Non-inter-level travel time spent in this place.
 C = Inter-level travel time spent in this place.
 D = Time resting spent in this place.
 E = Time spent auto-exploring this place.
 F = Levels seen in this place.
 G = Mean time per level.
                   A        B        C        D        E       F      G
               +--------+--------+--------+--------+--------+-----+--------+
         Total |   2178 |   1996 |    182 |     66 |      0 |   5 |  435.6 |
       Dungeon |   2178 |   1996 |    182 |     66 |      0 |   5 |  435.6 |
               +--------+--------+--------+--------+--------+-----+--------+

Top non-repeatable levels by time:
     D:2: 1095 daAuts
     D:1: 803 daAuts
     D:3: 202 daAuts
     D:4: 63 daAuts
     D:5: 12 daAuts
